 Dungeon Crawl Stone Soup version 0.27-a0-1099-g7f87ac42b0 (webtiles) character file.

Game seed: 10104469936170346799

9305 Bapho the Brawler (level 11, -6/87 (102) HPs)
             Began as a Troll Monk on Apr 28, 2021.
             Was a High Priest of Ru.
             Mangled by a cane toad (18 damage)
             ... on level 2 of the Lair of Beasts.
             The game lasted 00:24:35 (9585 turns).

Bapho the Brawler (Troll Monk)                      Turns: 9585, Time: 00:24:35

HP:   -6/87 (102)   AC:  7    Str: 22    XL:     11   Next: 21%
MP:   1/10          EV: 11    Int:  8    God:    Ru [*****.]
Gold: 654           SH:  5    Dex: 12    Spells: 10/10 levels left

rFire    . . .     SeeInvis .     - Unarmed
rCold    . . .     Faith    .   (no shield)
rNeg     . . .     Spirit   .   J - +0 steam dragon scales
rPois    .         Reflect  +   (helmet restricted)
rElec    .         Harm     .   (no cloak)
rCorr    .         Rampage  .   (gloves unavailable)
Will     .....                  (boots unavailable)
Stlth    ++........             b - amulet of reflection
HPRegen  1.24/turn              (no ring)
MPRegen  0.12/turn              (no ring)

@: exhausted, heavily drained
A: large, unfitting armour, claws 3, regeneration 1, shaggy fur 1, tough skin 1,
inability to use devices, no ice magic, no necromancy magic, no transmutations
magic, inexperienced 1
a: Renounce Religion, Draw Out Power, Power Leap, Apocalypse


You were on level 2 of the Lair of Beasts.
You worshipped Ru.
Ru was extremely pleased with you.
You visited 3 branches of the dungeon, and saw 12 of its levels.
You also visited: Sewer.

You collected 790 gold pieces.
You spent 136 gold pieces at shops.

Inventory:

Missiles
 g - 7 curare-tipped darts
 r - 48 poisoned darts
 s - 270 stones (quivered)
 I - 3 throwing nets
Armour
 a - a +0 robe
 k - a +2 robe
 J - +0 steam dragon scales (worn)
Jewellery
 b - an amulet of reflection (around neck)
 m - an amulet of magic regeneration
 E - a ring of magical power
Wands
 j - a wand of flame (74)
 w - a wand of iceblast (37)
Scrolls
 c - a scroll of silence
 d - 3 scrolls of holy word
 f - a scroll of fear {unknown}
 h - 5 scrolls of teleportation
 l - 4 scrolls of fog
 y - 2 scrolls of identify
 B - a scroll of amnesia
 C - a scroll of enchant armour {unknown}
 D - a scroll of magic mapping
 G - a scroll of vulnerability {unknown}
Potions
 e - 3 potions of brilliance
 i - 9 potions of curing
 n - a potion of invisibility
 o - a potion of attraction
 p - 2 potions of might
 q - 2 potions of heal wounds
 t - 2 potions of flight {unknown}
 u - a potion of ambrosia {unknown}
 v - a potion of degeneration {unknown}
 x - 2 potions of cancellation
 z - 2 potions of resistance
 A - 4 potions of haste
 F - a potion of lignification


   Skills:
 + Level 5.0 Fighting
 + Level 4.1 Armour
 + Level 5.0 Dodging
 - Level 1.0 Stealth
 - Level 16.3 Unarmed Combat


You had 10 spell levels left.
You didn't know any spells.
Your spell library contained the following spells:

 Spells                   Type           Power      Damage    Failure   Level
 Corona                   Hex            0%         N/A       41%         1
 Magic Dart               Conj           0%         1d3       41%         1
 Blink                    Tloc           N/A        N/A       54%         2
 Call Imp                 Summ           0%         N/A       54%         2
 Slow                     Hex            0%         N/A       54%         2
 Confusing Touch          Hex            0%         N/A       78%         3
 Conjure Flame            Conj/Fire      0%         6-21      78%         3
 Dazzling Flash           Conj/Hex       0%         N/A       78%         3
 Gell's Gravitas          Tloc           0%         N/A       78%         3
 Mephitic Cloud           Conj/Pois/Air  0%         N/A       78%         3
 Tukima's Dance           Hex            0%         N/A       78%         3
 Ensorcelled Hibernation  Hex/Ice        Unusable   N/A       N/A         2
 Petrify                  Tmut/Erth      Unusable   N/A       N/A         4
 Metabolic Englaciation   Hex/Ice        Unusable   N/A       N/A         5
 Yara's Violent Unravell  Hex/Tmut       Unusable   3d3       N/A         5

Dungeon Overview and Level Annotations

Branches:
Dungeon (9/15)             Temple (1/1) D:4            Lair (2/6) D:9
  Sewer (visited)
  Swamp: Lair:2-4    Shoals: Lair:2-4     Snake: Lair:2-4    Spider: Lair:2-4
    Orc: D:9-12

Altars:
Ashenzari
Cheibriados
Dithmenos
Elyvilon
Fedhas
Gozag
Hepliaklqana
Kikubaaqudgha
Makhleb
Nemelex Xobeh
Okawaru
Qazlal
Ru
Sif Muna
Trog
Uskayaw
Vehumet
Wu Jian
Xom
Yredelemnul
Zin
The Shining One

Shops:
D:5 ?*=*   D:9 *


Innate Abilities, Weirdness & Mutations

You are too large for most types of armour.
You have claws for hands.
Your natural rate of healing is unusually fast.
You are covered in fur. (AC +1)
You have tough skin. (AC +1)
You cannot study or use magical devices.
You cannot study or cast Ice magic.
You cannot study or cast Necromancy magic.
You cannot study or cast Transmutations magic.
You are somewhat inexperienced. (-2 XL)


Message History

* * * LOW HITPOINT WARNING * * *
Okay, then.
Things that are here:
a wolf corpse; a wolf corpse; a wolf corpse You see here a wolf corpse.
A necrophage comes into view.
You claw the cane toad!
The cane toad is moderately wounded.
The eight-headed hydra is no longer moving slowly.
The cane toad barely misses you.
You claw the cane toad!
The cane toad is heavily wounded.
You barely miss the cane toad.
The cane toad is heavily wounded.
The cane toad is stunned by your conviction and fails to attack.
The cane toad barely misses you.
You barely miss the cane toad. Your claw misses the cane toad.
The cane toad is heavily wounded.
You barely miss the cane toad.
The cane toad is heavily wounded.
The cane toad closely misses you. The cane toad stings you!
You feel less exhausted.
Aiming: Power Leap
Press: ? - help, Dir - move target You redirect the necrophage's attack!
The necrophage hits itself.
The cane toad stings you.
The eight-headed hydra bites you but does no damage.
The eight-headed hydra bites you!
The eight-headed hydra completely misses you.
The eight-headed hydra bites you!
* * * LOW HITPOINT WARNING * * *
The eight-headed hydra misses you. The eight-headed hydra bites you!
* * * LOW HITPOINT WARNING * * *
The eight-headed hydra bites you but does no damage.
The eight-headed hydra bites you.
* * * LOW HITPOINT WARNING * * *
A necrophage comes into view.
The cane toad stings you!!
You die...

##.....###.#
#####......#.PP#
††....D....#
##............###
#.#....##..###..#.##.......#
##..#####.##.......##...P###
##..#.##.........<.##...##
#..P.###..P........###.##
#...>.........D....###.#
#...####..##....F...# .#
#<.## #...#...n@..## #...#
##/##.......# ###'#
#.###......... ...## n.#
##.###.P.## ...# #.# P.#
#### ...# #. ...P ≈≈≈# ....
#### .n..


You could see an eight-headed hydra, a cane toad and 2 necrophages.

Vanquished Creatures
  Harold (D:8)
  A boulder beetle (D:9)
  A two-headed ogre (D:8)
  3 death yaks (D:8)
  Pikel (D:9)
  Joseph (D:8)
  2 cane toads
  Psyche (D:8)
  A rime drake (Lair:1)
  2 komodo dragons
  A troll (D:9)
  3 wyverns (D:8)
  Sigmund (D:6)
  A shadow (D:9)
  20 yaks
  2 steam dragons (D:8)
  Edmund (D:5)
  5 water moccasins
  Duvessa (D:5)
  A black bear (D:6)
  An ice beast (D:6)
  An orc warrior (D:8)
  5 wolves (Lair:2)
  A necrophage (D:6)
  3 centaurs (D:8)
  An ogre (D:5)
  3 lemures (D:9)
  2 phantoms
  5 bullfrogs
  A kobold brigand (Sewer)
  A wyvern zombie (D:7)
  4 scorpions
  A water moccasin zombie (D:6)
  Dowan (D:5)
  11 killer bees
  A howler monkey (D:5)
  A bullfrog zombie (D:6)
  3 centaur zombies
  2 hounds
  A gnoll shaman (D:7)
  3 orc priests (D:9)
  Jessica (D:2)
  4 centaur skeletons
  3 iguanas
  2 orc wizards
  2 hell rats
  A killer bee zombie (D:8)
  A hound zombie (D:5)
  5 gnolls (D:7)
  5 river rats (Sewer)
  7 adders
  3 white imps
  An ufetubus (D:7)
  A dart slug (D:4)
  14 orcs
  9 bats
  4 endoplasms
  8 giant cockroaches
  7 goblins
  14 hobgoblins
  7 jackals
  6 quokkas
  10 ball pythons
  A frilled lizard (D:2)
  23 kobolds
  A quokka skeleton (D:4)
  24 rats
266 creatures vanquished.

Vanquished Creatures (others)
  A wolf (Lair:2)
  A bullfrog skeleton (D:7)
  3 fungi
  3 plants (Lair:2)
8 creatures vanquished.

Grand Total: 274 creatures vanquished

Notes
Turn   | Place    | Note
-------+----------+-------------------------------------------
     0 | D:1      | Bapho the Troll Monk began the quest for the Orb.
     0 | D:1      | Reached XP level 1. HP: 22/22 MP: 0/0
    67 | D:1      | Reached XP level 2. HP: 29/29 MP: 1/1
   282 | D:1      | Found a faded altar of an unknown god.
   367 | D:1      | Reached skill level 4 in Unarmed Combat
   572 | D:1      | Reached XP level 3. HP: 36/36 MP: 2/2
   677 | D:2      | Found a glowing golden altar of the Shining One.
   988 | D:2      | Reached XP level 4. HP: 44/44 MP: 3/3
  1010 | D:2      | Noticed Jessica
  1021 | D:2      | Killed Jessica
  1022 | D:2      | Reached skill level 5 in Unarmed Combat
  1658 | D:3      | Found a glowing drain.
  1711 | Sewer    | Entered a sewer
  1748 | Sewer    | Reached XP level 5. HP: 48/50 MP: 4/4
  1847 | Sewer    | Reached skill level 6 in Unarmed Combat
  2043 | Sewer    | Reached XP level 6. HP: 23/59 MP: 5/5
  2744 | D:3      | Reached skill level 7 in Unarmed Combat
  3120 | D:4      | Found a staircase to the Ecumenical Temple.
  3130 | Temple   | Entered the Ecumenical Temple
  3342 | Temple   | Became a worshipper of Ru the Awakened
  3356 | Temple   | Gained mutation: You cannot study or cast Ice magic. [Ru
                  | sacrifice]
  3356 | Temple   | Gained mutation: You cannot study or cast Transmutations
                  | magic. [Ru sacrifice]
  3356 | Temple   | Gained mutation: You cannot study or cast Necromancy magic.
                  | [Ru sacrifice]
  3356 | Temple   | Reached * piety under Ru
  3967 | D:5      | Entered Level 5 of the Dungeon
  3979 | D:5      | Found Damoaz's Jewellery Boutique.
  4006 | D:5      | Noticed a water moccasin
  4020 | D:5      | Killed a water moccasin
  4021 | D:5      | Reached skill level 8 in Unarmed Combat
  4021 | D:5      | Reached XP level 7. HP: 22/66 MP: 6/6
  4213 | D:5      | Found Qeocav's Magic Scroll Shop.
  4214 | D:5      | Found Seijaq's Assorted Antiques.
  4217 | D:5      | Bought a scroll of teleportation for 39 gold pieces
  4217 | D:5      | Bought a scroll of identify for 26 gold pieces
  4217 | D:5      | Bought a scroll of identify for 26 gold pieces
  4217 | D:5      | Bought a scroll of magic mapping for 45 gold pieces
  4271 | D:5      | Noticed Dowan
  4275 | D:5      | Killed Dowan
  4275 | D:5      | Noticed Duvessa
  4279 | D:5      | Reached skill level 9 in Unarmed Combat
  4328 | D:5      | Killed Duvessa
  4329 | D:5      | Reached XP level 8. HP: 34/67 MP: 7/7
  4432 | D:5      | Noticed Edmund
  4488 | D:5      | Reached skill level 10 in Unarmed Combat
  4493 | D:5      | Killed Edmund
  4701 | D:5      | Found Ostroiciera's Assorted Antiques.
  4724 | D:5      | Found a white marble altar of Elyvilon.
  4902 | D:6      | Reached skill level 11 in Unarmed Combat
  4959 | D:6      | Noticed a +0 dagger
  4959 | D:6      | Noticed a +0 hand axe
  5112 | D:6      | Noticed Sigmund
  5164 | D:6      | Killed Sigmund
  5275 | D:6      | Reached XP level 9. HP: 75/80 MP: 8/8
  5294 | D:6      | Gained mutation: You cannot study or use magical devices.
                  | [Ru sacrifice]
  5294 | D:6      | Reached ** piety under Ru
  5294 | D:6      | Reached *** piety under Ru
  5315 | D:6      | Found a glowing silver altar of Zin.
  5316 | D:6      | Found a sparkling altar of Nemelex Xobeh.
  5316 | D:6      | Found a broken altar of Ashenzari.
  5380 | D:6      | Found a hide-covered altar of Uskayaw.
  5389 | D:6      | Reached skill level 12 in Unarmed Combat
  6028 | D:7      | Identified the +4 morningstar "Dapetor" {venom, rC+++}
  6076 | D:7      | Reached skill level 13 in Unarmed Combat
  6148 | D:7      | Found a basalt altar of Yredelemnul.
  6151 | D:7      | Noticed a profane servitor
  6171 | D:7      | Found a glowing golden altar of the Shining One.
  6173 | D:7      | Noticed an angel
  6430 | D:8      | Noticed Joseph
  6446 | D:8      | Killed Joseph
  6628 | D:8      | Noticed Harold
  6643 | D:8      | Killed Harold
  6644 | D:8      | Reached skill level 14 in Unarmed Combat
  6644 | D:8      | Reached XP level 10. HP: 59/88 MP: 9/9
  6924 | D:8      | Reached skill level 15 in Unarmed Combat
  6974 | D:8      | Noticed a two-headed ogre
  6994 | D:8      | Killed a two-headed ogre
  7207 | D:8      | Noticed Psyche
  7210 | D:8      | Killed Psyche
  7538 | D:9      | Gained mutation: You are somewhat inexperienced. (-2 XL)
                  | [Ru sacrifice]
  7538 | D:9      | Reached XP level 9. HP: 61/80 MP: 8/8
  7538 | D:9      | Reached XP level 8. HP: 61/74 MP: 7/7
  7538 | D:9      | Reached **** piety under Ru
  7538 | D:9      | Reached ***** piety under Ru
  7601 | D:9      | Noticed a death yak
  7625 | D:9      | Noticed a death yak
  7625 | D:9      | Noticed a death yak
  7647 | D:8      | Killed a death yak
  7648 | D:8      | Reached skill level 16 in Unarmed Combat
  7648 | D:8      | Reached XP level 9. HP: 80/80 MP: 8/8
  7680 | D:8      | Killed a death yak
  7726 | D:8      | Killed a death yak
  7727 | D:8      | Reached skill level 1 in Armour
  7727 | D:8      | Reached XP level 10. HP: 47/89 MP: 9/9
  7831 | D:9      | Found a staircase to the Lair.
  7886 | D:9      | Noticed Pikel
  7892 | D:9      | Killed Pikel
  8037 | D:9      | Found Rumpieri's Assorted Antiques.
  8232 | D:9      | Found a transporter.
  8234 | D:9      | Found a transporter.
  8234 | D:9      | Noticed a boulder beetle
  8403 | D:9      | Killed a boulder beetle
  8526 | Lair:1   | Entered Level 1 of the Lair of Beasts
  8714 | Lair:1   | Reached XP level 11. HP: 77/101 MP: 10/10
  9521 | Lair:2   | Reached skill level 5 in Fighting
  9522 | Lair:2   | Reached skill level 5 in Dodging
  9542 | Lair:2   | Noticed an eight-headed hydra
  9585 | Lair:2   | Mangled by a cane toad

Illustrated notes

Levels and vault maps discovered:
D:1:      lemuel_arrival_tunnels, layout_basic,
          hellmonk_ecumenical_altar_arch_garden, minmay_octomino_e4
D:2:      layout_loops_ring, basic_altar, roderic_lattice_a, uniq_jessica
D:3:      layout_rooms, gup_sewer_entry_glass, dk_noncrumbling_4
D:4:      layout_basic, minmay_temple_entry_mist, kennysheep_nondescript,
          minmay_misc_feat_pillars
D:5:      layout_rooms, overflow_temple_1_default, serial_shops, shop,
          nicolae_shop_behind_doors, shop, shop_coins, hangedman_decor_riveting,
          uniq_duvessa, uniq_edmund
D:6:      layout_cave_pools, chequers_temple_overflow_statue_of_worship,
          dancing_weapons_uskayaw, uniq_sigmund
D:7:      layout_loops_ring, grunt_temple_overflow_holy_war,
          corexii_corridor_pit
D:8:      minmay_bubble_buster, layout_basic, grunt_decor_one_mirror,
          uniq_psyche, uniq_harold, uniq_joseph
D:9:      gammafunk_boulding_lane, layout_long_grid, dpeg_lair_monsters,
          serial_shops, nicolae_shop_temple_entry_statues_fountains, uniq_pikel
Temple:   regret_index_temple_generic_petals
Lair:1:   layout_roguey, grunt_megastairs_2, lemuel_fruit_tree
Lair:2:   layout_loops_ring, serial_rivers, chequers_serial_rivers_small_3,
          chequers_serial_rivers_small_3, chequers_serial_rivers_room_a,
          chequers_serial_rivers_room_b, chequers_serial_rivers_small_b,
          roderic_carrion_pond

Skill      XL: |  1  2  3  4  5  6  7  8  9 10 11 |
---------------+----------------------------------+-----
Unarmed Combat | 4 5 6 8 9 16 14 15 | 16.3
Armour         | 1 3 4 |  4.1
Fighting       | 4 5 |  5.0
Dodging        | 4 5 |  5.0
Stealth        | |  1.0

Action                   |  1- 3 |  4- 6 |  7- 9 | 10-12 || total
-------------------------+-------+-------+-------+-------++-------
Melee: Unarmed           |   123 |   237 |   259 |   192 ||   811
       Punch             |     3 |     3 |    17 |    17 ||    40
Throw: Dart              |       |    15 |       |       ||    15
       Stone             |       |    84 |   105 |    99 ||   288
Invok: Sacrifice Arcana  |       |     1 |       |       ||     1
       Sacrifice Experie |       |       |     1 |       ||     1
       Sacrifice Artific |       |       |     1 |       ||     1
       Apocalypse        |       |       |       |     3 ||     3
       Draw Out Power    |       |       |       |     2 ||     2
       Power Leap        |       |       |       |     1 ||     1
  Use: Scroll            |       |     4 |     4 |    12 ||    20
       Potion            |       |       |     4 |       ||     4
 Stab: Sleeping          |     2 |       |       |       ||     2
       Invisible         |       |       |     2 |     1 ||     3
       Paralysed         |       |       |       |     3 ||     3
Armor: Robe              |    26 |    68 |    48 |     8 ||   150
       Steam dragon scal |       |       |     1 |    17 ||    18
Dodge: Dodged            |    43 |    98 |    96 |    52 ||   289
Block: Other             |    20 |    58 |    48 |    27 ||   153
       Reflection        |       |     1 |     1 |     3 ||     5

Table legend: (Time is in decaauts)
 A = Elapsed time spent in this place.
 B = Non-inter-level travel time spent in this place.
 C = Inter-level travel time spent in this place.
 D = Time resting spent in this place.
 E = Time spent auto-exploring this place.
 F = Levels seen in this place.
 G = Mean time per level.
                   A        B        C        D        E       F      G
               +--------+--------+--------+--------+--------+-----+--------+
         Total |   9489 |   9118 |    371 |    270 |   6903 |  13 |  729.9 |
       Dungeon |   7370 |   7053 |    317 |    150 |   5400 |   9 |  818.9 |
        Temple |    236 |    214 |     22 |      0 |    201 |   1 |  236.0 |
          Lair |   1038 |   1007 |     31 |      0 |    853 |   2 |  519.0 |
         Sewer |    843 |    843 |      0 |    120 |    448 |   1 |  843.0 |
               +--------+--------+--------+--------+--------+-----+--------+

Top non-repeatable levels by time:
     D:8: 1197 daAuts
     D:4: 1004 daAuts
     D:9: 959 daAuts
     D:2: 864 daAuts
   Sewer: 843 daAuts
  Lair:1: 830 daAuts
     D:7: 768 daAuts
     D:6: 723 daAuts
     D:5: 707 daAuts
     D:1: 673 daAuts
     D:3: 472 daAuts
  Temple: 236 daAuts
  Lair:2: 207 daAuts
